Cogmind - Beta 15 @@@ ROGUE MODE // 2025.05.13 @ 20:44:34 Player: McSaucyNugget Result: Assimilated 0b10! Performance ------------- Evolutions (9) 4500 Regions Visited (27) 5400 Robots Destroyed (199) 995 Value Destroyed (15833) 15833 Prototype IDs (14) 280 Alien Tech Used (0) 0 Bonus (31454) 31454 TOTAL SCORE: 58462 Bonus ------- High Alert Combat Kills 672 Follower Combat Kills 12466 Entered Garrisons 2000 Used RIF Installer 6000 Destroyed MAIN.C Guards 500 Met MAIN.C 5000 Used 0b10 Conduit 2000 Win 3000 Friendly Fire -184 Cogmind --------- Core Integrity 834/1600 Matter 296/300 Energy 104/170 System Corruption 33% Temperature Cool (8) Movement Flying (32) Location 0b10 Command Parts ------- > --- POWER (2) -------- Light Antimatter Reactor > --- PROPULSION (4) --- Xenon Bombardment Thruster Xenon Bombardment Thruster Xenon Bombardment Thruster Field Propulsion Drive > --- UTILITY (16) ----- Advanced Heat Sink Relay Coupler [NC] (6) Relay Coupler [C] (27) Relay Coupler [Sentry] (5) > --- WEAPON (3) ------- Advanced Remote Datajack > --- INVENTORY (5) ---- Particle Reactor Light Quantum Reactor Xenon Bombardment Thruster Relay Coupler [NC] (53) Relay Coupler [Demolisher] (27) Peak State ------------ > --- POWER ------------ Micro Antimatter Reactor Light Quantum Reactor > --- PROPULSION ------- Armored Wheel Armored Wheel Armored Wheel Armored Wheel > --- UTILITY ---------- Cargo Storage Unit Layered Heavy Armor Plating Advanced Thermal Defense Suite Relay Coupler [NC] Relay Coupler [NC] Relay Coupler [C] Relay Coupler [C] Relay Coupler [C] Relay Coupler [C] Relay Coupler [C] Relay Coupler [Hunter] Relay Coupler [Behemoth] > --- WEAPON ----------- Enhanced Hardcell Cannon Enhanced Hardcell Cannon Advanced Remote Datajack > --- INVENTORY -------- Light Quantum Reactor Wheel Wheel Armored Wheel Hardened Medium Armor Plating Layered Heavy Armor Plating Layered Heavy Armor Plating Medium Reflective Plating Advanced Point Defense System Relay Coupler [NC] Relay Coupler [NC] Relay Coupler [C] Relay Coupler [C] Relay Coupler [Swarmer] Relay Coupler [Sentry] Relay Coupler [Sentry] Relay Coupler [Demolisher] Relay Coupler [Behemoth] Relay Coupler [Behemoth] Long-range Tractor Beam Precision Rocket Launcher Advanced Remote Datajack Improved Plasma Cutter Dual-blade Saw [Rating: 139] Favorites ----------- Power Reinforced Fission Core Engine Light Ion Engine Power Core Reinforced Fission Core Reactor Light Quantum Reactor Propulsion Wheel Treads Light Treads Leg Myomer Leg Wheel Wheel Flight Unit Xenon Bombardment Thruster Utility Relay Coupler [NC] Device Advanced Thermal Defense Suite Storage High-capacity Storage Unit Processor Rainbow Chip Hackware Relay Coupler [NC] Protection Layered Heavy Armor Plating Weapon Remote Datajack Energy Gun Small Laser Energy Cannon Heavy Particle Cannon Ballistic Gun Assault Rifle Ballistic Cannon Heavy Linear Accelerator Launcher Grenade Launcher Special Weapon Remote Datajack Slashing Weapon Dual-blade Saw Special Melee Weapon Datajack Build | -11 -10 -10 -8 -8 -8 -7 -7 -7 -7 -6 -6 -6 -6 -5 -5 -5 -5 -4 -4 -3 -3 -2 -2 -2 -2 -1 -1 ------- Run | Yrd Mat Sub Mat Gar Mat Fac Gar Fac Gar Fac Gar Fac Gar Fac Was Fac Gar Fac Gar Res Gar Res Gar Res Gar Acc Com Slots Evolved 18 | . . . 4 . . 2 . . . 2 . . . 2 . . . 2 . 2 . 2 . . . 2 . Power 1 | . . . . . . . . . . . . . . . . . . . . 1 . . . . . . . Propulsion 2 | . . . 1 . . . . . . . . . . . . . . 1 . . . . . . . . . Utility 14 | . . . 3 . . 2 . . . 1 . . . 2 . . . 1 . 1 . 2 . . . 2 . Weapon 1 | . . . . . . . . . . 1 . . . . . . . . . . . . . . . . . Parts Attached 300 | 7 7 10 9 16 8 10 13 10 10 3 10 5 10 5 1 23 19 7 15 . 10 2 13 6 25 25 21 Power 25 | 1 2 1 1 2 . 1 1 1 . . 2 . . . . 2 1 . . . . . 1 1 4 2 2 Engine 4 | 1 1 1 1 . . . . . . . . . . . . . . . . . . . . . . . . Core 9 | . 1 . . 2 . 1 1 1 . . 1 . . . . 2 . . . . . . . . . . . Reactor 12 | . . . . . . . . . . . 1 . . . . . 1 . . . . . 1 1 4 2 2 Propulsion 55 | 2 . 3 1 4 3 . 2 3 1 . 1 1 1 1 . 4 2 2 4 . 3 . . 1 3 3 10 Treads 10 | . . 1 1 1 1 . . 1 . . 1 . . . . . 1 2 . . 1 . . . . . . Leg 2 | . . . . . . . . . . . . . . . . . . . 2 . . . . . . . . Wheel 38 | 2 . 2 . 3 2 . 2 2 1 . . 1 1 1 . 4 1 . 2 . 2 . . 1 3 3 5 Hover . | . . . . . . . . . . . . . . . . . . . . . . . . . . . . Flight 5 | . . . . . . . . . . . . . . . . . . . . . . . . . . . 5 Utility 163 | 1 3 1 3 5 2 5 9 4 8 2 7 3 8 4 1 13 11 5 9 . 7 2 10 4 12 17 7 Device 28 | . 2 . 1 2 1 2 . . 3 . . . . . . 5 2 1 . . . . 2 . . 3 4 Storage 6 | 1 1 . . . . . . . . . . . . . . 1 . . . . 1 . . . 1 1 . Processor 7 | . . 1 1 . 1 . . . . . . 1 . . . 1 1 1 . . . . . . . . . Hackware 95 | . . . . 2 . 2 7 4 2 2 4 2 7 3 1 5 6 3 9 . 4 2 5 3 8 12 2 Protection 27 | . . . 1 1 . 1 2 . 3 . 3 . 1 1 . 1 2 . . . 2 . 3 1 3 1 1 Artifact . | . . . . . . . . . . . . . . . . . . . . . . . . . . . . Weapon 57 | 3 2 5 4 5 3 4 1 2 1 1 . 1 1 . . 4 5 . 2 . . . 2 . 6 3 2 Energy Gun 2 | 2 . . . . . . . . . . . . . . . . . . . . . . . . . . . Energy Cannon 5 | . . . . . . 2 1 1 . . . . . . . . 1 . . . . . . . . . . Ballistic Gun 8 | 1 1 1 2 . 1 . . . . . . . . . . . . . . . . . . . . . 2 Ballistic Cannon 22 | . 1 2 . 2 2 1 . 1 . 1 . . 1 . . 1 2 . 1 . . . 2 . 4 1 . Launcher 6 | . . 2 2 1 . . . . . . . . . . . 1 . . . . . . . . . . . Special Weapon 10 | . . . . . . 1 . . . . . 1 . . . 2 2 . 1 . . . . . 1 2 . Impact Weapon . | . . . . . . . . . . . . . . . . . . . . . . . . . . . . Slashing Weapon 2 | . . . . 1 . . . . . . . . . . . . . . . . . . . . 1 . . Piercing Weapon . | . . . . . . . . . . . . . . . . . . . . . . . . . . . . Special Melee Weapon 2 | . . . . 1 . . . . 1 . . . . . . . . . . . . . . . . . . Unidentified Prototypes 7 | . . 1 1 . . . . . . . . . . . . 1 . 1 . . . . 2 . . 1 . Corrupted Parts 1 | . . . . . . . . . . . . . . . . . . . . . . . . . . . 1 System Corruption 9 | . . . . . . . . . . . . . . . . . . . . . . . . . . . 9 Parts Lost 103 | . 4 4 . 18 1 . 3 1 3 . 1 . 1 3 . 11 3 1 5 . . . 1 1 10 3 29 Power 8 | . 2 1 . 2 . . . . . . . . . . . . . . . . . . . . 1 . 2 Propulsion 36 | . 1 1 . 6 . . 2 . 2 . . . . 2 . 4 2 . 1 . . . . 1 3 2 9 Utility 40 | . . . . 5 1 . 1 1 1 . 1 . 1 1 . 6 1 1 3 . . . . . 3 1 13 Weapon 19 | . 1 2 . 5 . . . . . . . . . . . 1 . . 1 . . . 1 . 3 . 5 Highest Loss Streak 24 | . 2 2 . 9 1 . 2 1 2 . 1 . 1 3 . 3 1 1 2 . . . 1 1 4 1 24 To Critical Strikes 1 | . . . . . . . . . . . . . . . . . . . . . . . . . . . 1 Average Backups 20 | 2 11 18 19 17 19 19 18 18 18 18 18 18 19 18 14 14 16 14 18 19 24 26 27 26 26 28 21 Power 1 | . 1 . . . 1 1 1 2 1 1 1 1 1 1 1 1 1 1 1 . . . . . 1 1 2 Propulsion 2 | . 3 5 4 1 1 2 1 1 2 2 2 3 1 . . . 2 . . 1 3 4 3 2 . 4 6 Utility 12 | . . . 1 6 11 10 10 9 9 10 10 11 13 14 11 8 9 10 14 16 19 18 19 19 20 18 9 Weapon 3 | 1 7 11 11 7 4 5 4 4 3 2 2 2 2 1 1 1 2 1 1 1 1 2 2 2 3 3 1 Tool/Special . | . . . . . . . . . . . . . . . . . . . . . . . . . . . . Unused Backups 87 | . . 4 6 6 5 1 4 2 1 . 3 1 8 . . 3 5 . 7 . 9 . 3 1 3 5 10 Power 7 | . . . . . 1 . . . 1 . 1 . . . . . . . 1 . . . . . . 1 2 Propulsion 10 | . . . . 1 . . . . . . . . 1 . . 2 . . 1 . 2 . 1 . . 1 1 Utility 44 | . . 1 3 2 2 . 3 1 . . 1 . 4 . . . 4 . 4 . 6 . 1 1 3 1 7 Weapon 22 | . . 3 3 3 2 . 1 1 . . 1 . 2 . . . 1 . 1 . 1 . 1 . . 2 . Tool/Special 4 | . . . . . . 1 . . . . . 1 1 . . 1 . . . . . . . . . . . Average Slot Usage (%) 82 | . 83 86 69 62 77 95 91 91 89 84 85 84 83 82 84 80 84 80 71 80 82 84 85 89 84 82 72 Core 4 | . 4 4 . 3 7 10 12 13 9 6 5 6 6 5 5 5 5 5 5 4 4 4 4 . . . . Reactor 1 | . . . . . . . . . . . . . . . . . . . . 4 4 4 4 7 7 8 6 Treads 4 | . . . 5 5 7 12 9 12 9 6 6 6 6 4 . . 3 9 9 4 2 . . . . . . Wheel 12 | . 16 24 13 12 11 12 11 13 14 13 13 13 13 10 11 13 5 . 1 9 12 17 17 16 16 15 11 Device 3 | . 13 8 4 8 12 9 1 . 4 6 . . . . . 7 . . . . . . 2 1 3 4 8 Storage 5 | . 14 12 6 6 7 6 6 6 6 6 6 6 6 5 5 5 5 5 5 4 4 4 4 4 4 4 3 Processor 2 | . . 3 11 8 7 12 8 6 2 . . . . . . 1 4 . . . . . . . . . . Hackware 22 | . . . . 2 7 10 16 19 7 17 23 24 26 30 37 28 26 28 34 42 38 36 33 36 32 22 18 Protection 7 | . . . 5 1 . 2 6 6 20 14 13 12 10 11 11 4 12 14 1 . 4 8 9 7 7 17 11 Energy Cannon 1 | . . . . . . 3 6 5 5 . . . . . . . 1 5 1 . . . . . . . . Ballistic Gun 1 | . 12 9 9 . 5 2 . . . . . . . . . . . . . . . . . . . . 3 Ballistic Cannon 5 | . 10 9 2 3 9 9 5 . . 5 6 6 5 5 5 4 5 3 3 4 4 4 4 8 7 4 1 Special Weapon 4 | . . . . . . 1 4 5 1 6 6 6 6 5 5 4 6 6 6 4 3 4 4 4 3 3 3 Peak Build Rating 139 | 5 9 23 40 39 46 59 67 67 65 61 68 68 66 72 62 72 84 110 94 85 98 94 105 114 139 135 129 Average Rating 73 | 3 7 14 35 32 39 54 62 63 52 58 62 64 62 66 61 61 78 100 78 84 90 91 98 109 119 122 104 On Entrance 63 | . 5 9 23 38 37 46 57 61 65 48 60 68 63 63 61 61 68 83 90 77 80 85 94 99 109 116 120 Naked Turns . | . . . . . . . . . . . . . . . . . . . . . . . . . . . . Heaviest Build 274 | 11 51 51 72 68 61 74 91 87 94 108 121 121 118 118 106 114 121 121 101 98 221 229 241 235 238 274 272 Greatest Support 140 | 32 32 26 26 26 26 26 26 26 20 20 20 20 20 20 20 42 32 140 140 24 46 46 46 48 48 50 50 Greatest Overweight (x) 56 | . 3 1 2 13 5 2 4 4 9 5 6 6 5 10 5 6 12 . 27 4 9 4 5 5 17 7 56 Average Overweight (x) 3 | . 2 1 2 2 2 2 2 3 3 4 5 5 4 5 5 2 9 . . 4 5 4 4 4 4 5 3 Largest Inventory Capacity 30 | 8 20 20 20 20 20 20 20 20 20 20 20 20 20 20 20 20 20 20 20 20 30 30 30 30 30 30 30 Average Capacity 22 | 6 17 20 20 20 20 20 20 20 20 20 20 20 20 20 20 20 20 20 20 20 27 30 30 30 30 30 25 Most Carried 30 | 5 19 20 20 20 20 20 20 20 20 20 20 20 20 20 15 20 20 20 20 20 30 29 30 30 30 30 30 Average Carried 20 | 2 12 18 19 17 19 19 19 19 19 18 19 19 19 18 14 14 18 14 18 19 26 28 29 28 27 28 22 Final Capacity 30 | 8 20 20 20 20 20 20 20 20 20 20 20 20 20 20 20 20 20 20 20 20 30 30 30 30 30 30 5 Final Carried 30 | 5 19 20 20 20 20 19 20 20 20 19 20 20 20 15 14 19 20 13 20 20 30 29 30 27 30 25 5 Class Distribution -------------------- 52% | Botlord-Tank 11% | Botlord-Mutant 11% | Mutant 7% | Bothacker-Tank 7% | Bothacker-Mutant Dominant Class ---------------- Mutant | -10/Materials Mutant | -10/Subcaves Mutant | -8/Materials Mutant | -8/Garrison Scavenger-Mutant | -8/Materials Scavenger-Skirmisher | -7/Factory Bothacker-Tank | -7/Garrison Bothacker-Mutant | -7/Factory Bothacker-Mutant | -7/Garrison Bothacker-Tank | -6/Factory Bothacker-Tank | -6/Garrison Botlord-Tank | -6/Factory Botlord-Tank | -6/Garrison Botlord-Tank | -5/Factory Botlord-Tank | -5/Waste Botlord-Tank | -5/Factory Botlord-Tank | -5/Garrison Botlord-Tank | -4/Factory Botlord-Tank | -4/Garrison Botlord-Tank | -3/Research Botlord-Tank | -3/Garrison Botlord-Tank | -2/Research Botlord-Tank | -2/Garrison Botlord-Tank | -2/Research Botlord-Tank | -2/Garrison Botlord-Tank | -1/Access Botlord-Tank | -1/Command Resources | -11 -10 -10 -8 -8 -8 -7 -7 -7 -7 -6 -6 -6 -6 -5 -5 -5 -5 -4 -4 -3 -3 -2 -2 -2 -2 -1 -1 ----------- Run | Yrd Mat Sub Mat Gar Mat Fac Gar Fac Gar Fac Gar Fac Gar Fac Was Fac Gar Fac Gar Res Gar Res Gar Res Gar Acc Com Matter Collected 15554 | 255 248 323 358 554 165 329 462 271 332 89 575 75 781 263 . 1133 1523 363 997 . 635 . 904 389 1692 2070 768 Remotely 2078 | . . . . . . . . . . . . . . . . . 108 . . . . . 592 131 153 869 225 Salvage Created 7662 | . 481 138 476 405 178 442 346 100 361 169 121 15 183 44 . 721 499 181 409 . 617 87 107 224 613 660 85 Parts 376 | . 27 7 31 22 10 14 17 13 24 9 . 2 14 2 . 37 28 8 20 . 28 1 4 2 24 31 1 Haulers Intercepted 2 | . . . 1 . . . . . . . . . . . . 1 . . . . . . . . . . . Recyclers Shooed 3 | . 1 . . . . . . . . . . . . . . . . . . . . . . . . 1 1 Parts Field Recycled . | . . . . . . . . . . . . . . . . . . . . . . . . . . . . Retrieved Matter . | . . . . . . . . . . . . . . . . . . . . . . . . . . . . Parts Self-Destructed . | . . . . . . . . . . . . . . . . . . . . . . . . . . . . Prevented . | . . . . . . . . . . . . . . . . . . . . . . . . . . . . Kills | -11 -10 -10 -8 -8 -8 -7 -7 -7 -7 -6 -6 -6 -6 -5 -5 -5 -5 -4 -4 -3 -3 -2 -2 -2 -2 -1 -1 ------- Run | Yrd Mat Sub Mat Gar Mat Fac Gar Fac Gar Fac Gar Fac Gar Fac Was Fac Gar Fac Gar Res Gar Res Gar Res Gar Acc Com Combat Hostiles Destroyed 147 | . 9 5 12 16 3 8 8 1 12 4 3 1 8 2 . 19 11 1 7 . 3 1 1 1 4 7 . Melee 9 | . . . . 5 . . . . 2 . . . . . . . . . . . . . . . 2 . . Guns 11 | . 6 1 3 . 1 . . . . . . . . . . . . . . . . . . . . . . Cannons 94 | . 3 1 . 6 2 8 7 1 5 4 3 1 8 2 . 13 11 1 7 . 3 1 1 . 2 4 . AOE 32 | . . 3 9 5 . . . . 5 . . . . . . 6 . . . . . . . 1 . 3 . Classes Destroyed 20 | . 7 2 3 . 1 1 2 . . . 1 . . . . . 1 . . . 1 . . . 1 . . Worker 13 | . 3 . . . . 1 . . . 1 . . . . . 4 . . . . . . . . . 4 . Builder 10 | . 1 . 1 . 1 . . 2 . 1 . . . . . 1 . . . . . . . . . 3 . Tunneler 2 | . . . . . 1 . . . . . . 1 . . . . . . . . . . . . . . . Hauler 2 | . . . 1 . . . . . . . . . . . . 1 . . . . . . . . . . . Recycler 9 | . 1 . 3 . 1 1 . . . . . . . . . 1 . . . . . . . . . 1 1 Mechanic 1 | . 1 . . . . . . . . . . . . . . . . . . . . . . . . . . Operator 1 | . . . 1 . . . . . . . . . . . . . . . . . . . . . . . . Watcher 5 | . 2 . . . . . . . . . . . . . . 1 . 1 . . . . . . . 1 . Swarmer 40 | . 3 . 8 6 2 . 2 . 6 . . 1 2 . . 6 2 . 2 . . . . . . . . Saboteur 1 | . . . . . . . . . . . . . . . . . . . . . . . . . 1 . . Grunt 46 | . 6 . 2 8 . 5 4 . 2 3 1 . 3 . . 2 5 . 1 . . . 1 1 1 1 . Brawler 1 | . . . . . . . . . . . 1 . . . . . . . . . . . . . . . . Duelist 2 | . . . . . . . 1 . . 1 . . . . . . . . . . . . . . . . . Sentry 14 | . . . 2 2 1 2 . 1 1 . . . . . . . . 1 . . . 1 . 1 1 1 . Specialist 2 | . . . . . . . . . . . . . . . . . 1 . . . . . . 1 . . . Hunter 9 | . . . . . . . 1 . . . 1 . . . . . 2 . 1 . . . . . 1 3 . Programmer 34 | . . . . . . 1 1 . 3 . . . 3 2 . 11 1 1 4 . 2 . 1 . 1 3 . Behemoth 1 | . . . . . . . . . . . . . . . . . . . . . 1 . . . . . . Artisan 1 | . . 1 . . . . . . . . . . . . . . . . . . . . . . . . . Subdweller 5 | . . 5 . . . . . . . . . . . . . . . . . . . . . . . . . Thug 1 | . . . . . . . . . . . . . . . . . 1 . . . . . . . . . . Best Kill Streak 12 | . 4 1 6 5 3 3 2 2 7 4 1 1 2 2 . 12 2 1 3 . 1 1 1 1 1 2 1 Combat Bots Only 10 | . 3 1 5 5 2 3 2 1 7 2 1 1 2 2 . 10 2 1 3 . 1 1 1 1 1 2 . Max Kills in Single Turn 3 | . 2 1 3 2 1 1 1 1 3 2 1 1 1 1 . 2 1 1 1 . 1 1 1 2 1 1 1 Gunslinging . | . . . . . . . . . . . . . . . . . . . . . . . . . . . . Exploded 3 | . . 1 2 2 . . . . 3 . . . . . . 2 . . . . . . . 1 . 1 . Melee 1 | . . . . 1 . . . . 1 . . . . . . . . . . . . . . . 1 . . Uniques/NPCs Destroyed . | . . . . . . . . . . . . . . . . . . . . . . . . . . . . Combat | -11 -10 -10 -8 -8 -8 -7 -7 -7 -7 -6 -6 -6 -6 -5 -5 -5 -5 -4 -4 -3 -3 -2 -2 -2 -2 -1 -1 -------- Run | Yrd Mat Sub Mat Gar Mat Fac Gar Fac Gar Fac Gar Fac Gar Fac Was Fac Gar Fac Gar Res Gar Res Gar Res Gar Acc Com Hostile Shots Fired 1572 | . 55 21 34 102 21 59 78 54 179 7 33 2 54 61 . 107 81 48 81 . 15 2 39 29 173 103 134 Missed 445 | . 17 8 12 17 7 12 29 10 44 . 9 1 16 20 . 46 25 14 15 . 9 2 17 13 45 27 30 Intercepted 37 | . . . . . . . . . . . . . . . . . . . . . . . . . . . 37 Hits 1127 | . 38 13 22 85 14 47 49 44 135 7 24 1 38 41 . 61 56 34 66 . 6 . 22 16 128 76 104 Melee 9 | . . . . . . . . 3 . 3 1 . . . . . . . . . 1 . . . 1 . . Projectile 1118 | . 38 13 22 85 14 47 49 41 135 4 23 1 38 41 . 61 56 34 66 . 5 . 22 16 127 76 104 AOE 36 | . . 3 . 17 . . . . . . . . . . . . . . . . . . 3 . . . 13 Critical Strikes 58 | . . . . 3 . 1 4 1 1 . 1 1 . 3 . 6 . 4 5 . . . 1 . 7 6 14 Actively Blocked 1 | . . . . . . . . . . . . . . . . . . . . . . . . . . 1 . Part Disruptions 5 | . . . . . . . . . . . . . . . . . . . 2 . . . 2 . . . 1 Damage Taken 23137 | . 412 404 287 1551 170 435 613 587 1376 181 414 149 758 815 . 1336 1316 770 1389 . 305 . 711 489 2824 1951 3894 Core 2492 | . 114 42 30 309 50 60 93 50 137 18 . . 39 61 . 203 41 38 140 . 21 . 58 . 222 115 651 Absorbed by Shields 516 | . . . . 19 . . . . . . . . . . . . 55 . . . . . . . 104 . 338 Redirected to Shielding 80 | . . . . . . . . . . . . . . . . . . . . . . . 7 . 6 39 28 Ignored by Resistances 480 | . . . . . . . . . . . 3 . . 58 . . . . . . . . 6 96 123 137 57 Regen/Repaired (Parts) 2663 | . . . . . . 95 19 32 511 . . 515 172 . . 179 . . . . . . . . . 936 204 Core Remaining (%) 69 | 100 . 37 . . 29 . . . 51 . . . 93 . . . 69 . 84 . 98 . . . 80 . 52 Volleys Fired 1410 | . 56 38 27 27 24 31 73 41 42 18 46 9 69 42 11 87 104 33 130 2 125 6 57 28 103 129 52 Largest 3 | . 2 2 2 2 3 3 3 2 2 1 1 1 1 1 1 1 2 2 2 2 1 1 1 2 2 2 2 Hottest 192 | . 80 53 58 66 92 155 192 155 155 70 70 70 70 70 5 70 149 149 149 85 65 65 65 116 116 116 70 Shots Fired 1654 | . 80 48 43 49 43 56 103 43 49 18 46 9 69 42 12 90 124 41 135 3 125 6 57 37 130 135 61 Gun 148 | . 57 10 28 5 15 . . . . . . . . . . . . . . . . . . . . . 33 Cannon 768 | . 23 22 5 39 28 52 79 21 37 9 24 2 35 16 1 55 71 23 59 1 7 1 15 18 62 54 9 Launcher 52 | . . 16 10 5 . . 1 . 2 . . . . . . 5 . . . . . . . . . 10 3 Special 686 | . . . . . . 4 23 22 10 9 22 7 34 26 11 30 53 18 76 2 118 5 42 19 68 71 16 Kinetic 740 | . 74 32 33 44 43 20 26 . . 9 24 2 35 16 1 55 62 14 50 1 7 1 15 18 62 54 42 Thermal 267 | . 6 . . . . 32 53 21 37 . . . . . . . . . 30 2 86 . . . . . . Explosive 52 | . . 16 10 5 . . 1 . 2 . . . . . . 5 . . . . . . . . . 10 3 Electromagnetic 27 | . . . . . . . . . . . . . . . . . 9 9 9 . . . . . . . . Robot Hit Streak 34 | . 15 11 5 8 8 10 10 10 9 7 12 4 11 8 7 9 9 12 14 . 34 5 8 6 15 5 6 Robot Miss Streak 7 | . 3 1 2 5 7 2 3 3 3 2 4 2 2 3 1 4 2 3 3 . 1 1 4 2 5 6 3 Penetration Max 1 | . . . . . . . . . . . . . . . . . . . . . . . . . . . 1 Secondary Targets . | . . . . . . . . . . . . . . . . . . . . . . . . . . . . Shots Hit Robots 1064 | . 53 18 18 37 19 39 50 28 42 14 28 7 37 28 9 52 71 26 88 . 114 5 35 18 116 70 42 Core Hits 332 | . 27 11 23 23 8 20 16 4 18 6 2 . 6 1 . 19 16 7 20 . 33 1 2 10 20 27 12 Critical Kills 1 | . . . . . . . 1 . . . . . . . . . . . . . . . . . . . . Critical Parts Destroyed . | . . . . . . . . . . . . . . . . . . . . . . . . . . . . Critical Strikes 50 | . 2 . . 1 . . 3 . 1 . 1 . 5 2 . 5 2 1 6 . 5 1 1 . 12 1 1 Meltdown 1 | . . . . . . . 1 . . . . . . . . . . . . . . . . . . . . Destroy 1 | . . . . . . . . . . . . . . . . . . . . . . . . . . . 1 Blast 26 | . 2 . . . . . 2 . . . 1 . 5 2 . 5 2 1 1 . 1 1 1 . 1 1 . Sever 22 | . . . . 1 . . . . 1 . . . . . . . . . 5 . 4 . . . 11 . . Melee Attacks 108 | . . . . 23 1 . . . 12 . . . . . . . . . . . . . . . 54 10 8 Impact . | . . . . . . . . . . . . . . . . . . . . . . . . . . . . Slashing 97 | . . . . 19 1 . . . 5 . . . . . . . . . . . . . . . 54 10 8 Piercing . | . . . . . . . . . . . . . . . . . . . . . . . . . . . . Sneak Attacks 11 | . . . . 1 . . . . 3 . . . . . . . . . . . . . . . . 6 1 Combat Hostiles . | . . . . . . . . . . . . . . . . . . . . . . . . . . . . Follow-up Attacks . | . . . . . . . . . . . . . . . . . . . . . . . . . . . . Damage Inflicted 28166 | . 664 762 960 1325 349 965 775 386 1442 697 986 152 1051 885 . 3448 1209 444 1453 . 1671 68 581 1327 2441 2784 1341 Guns 1419 | . 346 50 289 55 173 . . . . . . . . . . . . . . . . . . . . . 506 Cannons 16475 | . 318 35 34 406 176 965 775 386 690 540 986 152 1051 885 . 2525 1209 412 1054 . 328 68 581 177 878 1424 420 Explosions 5889 | . . 677 637 599 . . . . 658 157 . . . . . 854 . . . . . . . 1150 . 1063 94 Melee 2515 | . . . . 248 . . . . 94 . . . . . . . . . . . . . . . 1555 297 321 Ramming 152 | . . . . 17 . . . . . . . . . . . 69 . 32 26 . . . . . 8 . . Kinetic 15283 | . 609 85 323 461 349 342 368 . . 540 986 152 1051 885 . 2525 965 249 1011 . 328 68 581 177 878 1424 926 Thermal 3877 | . 55 . . . . 623 407 386 690 . . . . . . . . . 373 . 1343 . . . . . . Explosive 5889 | . . 677 637 599 . . . . 658 157 . . . . . 854 . . . . . . . 1150 . 1063 94 Electromagnetic 450 | . . . . . . . . . . . . . . . . . 244 163 43 . . . . . . . . Impact . | . . . . . . . . . . . . . . . . . . . . . . . . . . . . Slashing 2515 | . . . . 248 . . . . 94 . . . . . . . . . . . . . . . 1555 297 321 Piercing . | . . . . . . . . . . . . . . . . . . . . . . . . . . . . Highest Corruption 33 | . . . . . . 2 2 6 7 . . 1 2 3 18 24 18 3 6 . . . 3 5 18 1 33 Average Corruption 9 | . . . . . . 2 2 3 6 . . 1 1 2 13 20 17 2 5 . . . 1 4 16 1 14 Corruption Purged 7 | . . . . . . . . . . . . . . . . 7 . . . . . . . . . . . Corruption Blocked . | . . . . . . . . . . . . . . . . . . . . . . . . . . . . Effects 481 | . . . . . . 1 20 17 14 . . 4 19 1 11 88 99 5 48 . . . 13 11 94 2 34 Message Errors 101 | . . . . . . . 5 6 3 . . 1 2 . 2 17 11 1 9 . . . 4 4 28 . 8 Matter Fused 120 | . . . . . . . 5 3 4 . . 2 5 . 3 19 29 3 10 . . . 4 5 23 1 4 Heat Flow Errors 60 | . . . . . . . 2 2 1 . . . 3 . 1 14 12 . 6 . . . 3 1 11 . 4 Energy Discharges 62 | . . . . . . . 3 . 1 . . . 4 1 2 11 18 . 5 . . . 2 1 10 . 4 Parts Rejected 5 | . . . . . . . . . 1 . . . . . . . 1 . 1 . . . . . . . 2 Parts Fused 8 | . . . . . . . . . 1 . . . . . . 2 3 . 1 . . . . . 1 . . Data Loss (minor) 56 | . . . . . . 1 1 4 . . . 1 2 . 1 9 10 1 10 . . . . . 10 1 5 Data Loss (major) 23 | . . . . . . . 2 1 1 . . . 3 . . 3 3 . 4 . . . . . 5 . 1 Misfires 20 | . . . . . . . 1 . 2 . . . . . 1 6 6 . 1 . . . . . 2 . 1 Alerts 9 | . . . . . . . 1 1 . . . . . . . 1 2 . . . . . . . 2 . 2 Misdirections 8 | . . . . . . . . . . . . . . . 1 3 . . . . . . . . 1 . 3 Weapon Failures 9 | . . . . . . . . . . . . . . . . 3 4 . 1 . . . . . 1 . . Overload Shots . | . . . . . . . . . . . . . . . . . . . . . . . . . . . . Overflow Damage 1952 | . . . 22 55 8 1 15 15 27 29 9 87 236 259 . 744 23 10 39 . . . 70 32 6 225 40 Projectiles 1678 | . . . . 6 8 1 15 15 . 29 9 87 236 259 . 702 23 10 39 . . . 70 . . 129 40 Explosions 218 | . . . 22 49 . . . . 27 . . . . . . 24 . . . . . . . 32 . 64 . Melee 56 | . . . . . . . . . . . . . . . . 18 . . . . . . . . 6 32 . Knockbacks 83 | . 5 1 . 2 3 4 8 . . 3 3 . 1 6 . 9 11 1 10 . . . 5 1 5 3 2 Impact 1 | . . . . . . . . . . . . . . . . 1 . . . . . . . . . . . Kinetic 76 | . 5 1 . 2 3 4 7 . . 3 3 . 1 6 . 7 11 1 7 . . . 4 1 5 3 2 Secondary 6 | . . . . . . . 1 . . . . . . . . 1 . . 3 . . . 1 . . . . Self-Inflicted Damage 257 | . . . 38 13 . . . . . . . . . . . 69 . . . . . . . 79 4 54 . Shots 5 | . . . 1 1 . . . . . . . . . . . 1 . . . . . . . 1 . 1 . Rammed 24 | . . . . 8 . . . . . . . . . . . 4 . 7 4 . . . . . 1 . . Targets Rammed 24 | . . . . 8 . . . . . . . . . . . 4 . 7 4 . . . . . 1 . . Kicked . | . . . . . . . . . . . . . . . . . . . . . . . . . . . . Crushed . | . . . . . . . . . . . . . . . . . . . . . . . . . . . . Highest Temperature 408 | . 18 . 21 22 . 255 306 350 408 24 216 50 259 255 182 246 376 348 234 . 50 38 306 132 306 344 242 Average Temperature 93 | . 7 . 10 6 . 91 79 123 172 10 65 22 73 103 75 83 89 96 81 . 21 23 102 52 95 109 77 Received Heat Transfer 2791 | . 138 54 54 387 36 168 249 144 297 9 135 36 90 105 . 36 202 27 114 . 21 . 27 81 180 171 30 Effects 27 | . . . . . . . . . 11 . . . . . . . . 3 . . . . 3 . 2 6 2 Shutdowns 6 | . . . . . . . . . 4 . . . . . . . . . . . . . . . . 2 . Energy Bleed 7 | . . . . . . . . . 3 . . . . . . . . . . . . . 1 . 2 1 . Interference 12 | . . . . . . . . . 2 . . . . . . . . 3 . . . . 2 . . 3 2 Short Circuit 2 | . . . . . . . . . 2 . . . . . . . . . . . . . . . . . . Siege Activations . | . . . . . . . . . . . . . . . . . . . . . . . . . . . . Martial Activations . | . . . . . . . . . . . . . . . . . . . . . . . . . . . . Shielding Activations . | . . . . . . . . . . . . . . . . . . . . . . . . . . . . Robots Disrupted . | . . . . . . . . . . . . . . . . . . . . . . . . . . . . Combat Hostiles . | . . . . . . . . . . . . . . . . . . . . . . . . . . . . Robots Corrupted 1 | . . . . . . . . . . . . . . . . 1 . . . . . . . . . . . Combat Hostiles . | . . . . . . . . . . . . . . . . . . . . . . . . . . . . Parts Fried 2 | . . . . . . . . . . . . . . . . 2 . . . . . . . . . . . Impact Corruptions 2 | . . . . . . . . . . . . . . . . 2 . . . . . . . . . . . Robots Melted 1 | . . . . . . . 1 . . . . . . . . . . . . . . . . . . . . Combat Hostiles 1 | . . . . . . . 1 . . . . . . . . . . . . . . . . . . . . Parts Melted 16 | . . . . . . 1 6 3 3 . . . . . . . . . . . 3 . . . . . . Heat Transferred 7547 | . 125 . . . . 953 683 659 1131 . . . . . . . . . 888 . 3108 . . . . . . Parts Sabotaged 2 | . . . . . . . . . . . . . . . . . . . . . . . . . 2 . . Parts Stolen . | . . . . . . . . . . . . . . . . . . . . . . . . . . . . Parts Stripped . | . . . . . . . . . . . . . . . . . . . . . . . . . . . . Power Chain Reactions . | . . . . . . . . . . . . . . . . . . . . . . . . . . . . Alert | -11 -10 -10 -8 -8 -8 -7 -7 -7 -7 -6 -6 -6 -6 -5 -5 -5 -5 -4 -4 -3 -3 -2 -2 -2 -2 -1 -1 ------- Run | Yrd Mat Sub Mat Gar Mat Fac Gar Fac Gar Fac Gar Fac Gar Fac Was Fac Gar Fac Gar Res Gar Res Gar Res Gar Acc Com Maximum Alert Level 4 | . . . 1 2 1 . 3 2 2 1 2 1 3 3 . 1 4 2 3 2 4 2 3 3 3 2 . Low Security (%) 35 | 100 100 . 80 4 65 100 26 53 35 12 3 83 24 . 100 70 7 31 11 . . . . . . 82 100 Level 1 17 | . . . 19 24 34 . 23 35 5 87 70 16 26 21 . 29 11 4 26 . . . . 10 11 11 . Level 2 33 | . . . . 70 . . 31 10 58 . 26 . 20 78 . . 38 63 26 100 62 100 88 89 64 6 . Level 3 12 | . . . . . . . 18 . . . . . 27 . . . 30 . 34 . 31 . 11 . 24 . . Level 4 1 | . . . . . . . . . . . . . . . . . 12 . . . 6 . . . . . . Level 5 . | . . . . . . . . . . . . . . . . . . . . . . . . . . . . High Security . | . . . . . . . . . . . . . . . . . . . . . . . . . . . . Max Security . | . . . . . . . . . . . . . . . . . . . . . . . . . . . . Peak Influence 1269 | . 77 . 265 610 297 111 830 435 678 345 427 225 789 700 181 301 1269 655 986 554 1177 691 774 702 896 537 164 Initial 661 | . . . . 156 297 . 72 435 70 345 189 224 65 413 181 58 129 655 83 554 403 661 492 435 492 537 123 Average 379 | . 17 . 92 450 106 18 424 201 433 250 303 148 443 515 136 101 674 421 526 545 710 662 604 548 565 130 65 Influence Increases 13527 | . 255 . 425 674 121 225 848 330 748 185 408 156 864 609 2 674 1340 115 1213 4 894 85 452 613 774 1000 513 Destroy 0b10 Robot/C 4390 | . 180 . 240 320 60 160 340 80 420 80 160 40 300 300 . 380 280 20 300 . 85 15 45 180 90 210 105 Destroy 0b10 Robot/NC 305 | . 40 . 30 . 15 10 . 10 . 10 . 30 . 15 . 40 . 5 5 . 19 . . 4 12 48 12 Destroy Leader 570 | . 34 . 42 10 20 40 20 40 30 20 20 14 . 40 . 74 10 2 30 . 10 8 16 24 8 50 8 Allied During Kill 1671 | . . . . 1 . . 73 44 97 25 33 16 90 131 . 10 182 27 158 . 93 23 61 204 55 251 97 Successful Hack 173 | . . . . 30 6 . 24 . 7 . . 12 14 10 . . . . 30 . 11 . 11 . . 18 . Disable Machine 753 | . . . 15 45 15 15 75 120 . 15 15 15 . 45 . 15 45 45 30 . 15 . 48 36 36 84 24 Anti-Garrison Action 3505 | . . . . 200 . . 250 . 100 . 150 . 400 . . . 650 . 500 . 651 . 227 . 377 . . Destroy Structure 1797 | . 1 . 83 68 5 . 51 36 34 20 30 29 60 68 2 110 143 16 85 4 10 39 32 165 112 339 255 Partial Spotted 39 | . . . . . . . 15 . . . . . . . . . . . . . . . 12 . . . 12 Lose Combat Pursuer 324 | . . . 15 . . . . . 60 15 . . . . . 45 30 . 75 . . . . . 84 . . Influence Decreases 13527 | . 255 . 184 305 731 122 121 1060 190 573 251 489 169 880 437 572 276 1245 346 452 255 606 334 731 534 1703 706 Entered New Map 5083 | . . . . 85 313 . 31 395 30 313 81 203 29 376 337 25 56 594 36 432 135 516 164 339 164 359 70 Time Decay 3542 | . 225 . 184 . 136 122 . 332 . 90 . 286 . 254 100 372 . 286 . 20 . 30 . 222 . 559 324 Lost Part 760 | . 30 . . 180 5 . 30 10 30 . 10 . 10 30 . 74 30 10 50 . . . 10 10 100 29 112 Lost Ally 3025 | . . . . 40 . . 60 58 130 20 160 . 130 220 . 101 190 80 260 . 120 60 160 160 270 606 200 Purge Threat 1117 | . . . . . 277 . . 265 . 150 . . . . . . . 275 . . . . . . . 150 . Squads Dispatched 47 | . . . . . 1 2 . 5 . 3 . . . 3 . 5 . 6 . . . 1 . 6 . 11 4 Investigation 1 | . . . . . 1 . . . . . . . . . . . . . . . . . . . . . . Extermination 15 | . . . . . . 1 . 2 . . . . . 1 . 4 . 1 . . . . . 1 . 3 2 Reinforcement 19 | . . . . . . . . 2 . 1 . . . 1 . 1 . 2 . . . . . 4 . 6 2 Assault 1 | . . . . . . . . . . . . . . . . . . . . . . . . 1 . . . Garrison 11 | . . . . . . 1 . 1 . 2 . . . 1 . . . 3 . . . 1 . . . 2 . Intercept . | . . . . . . . . . . . . . . . . . . . . . . . . . . . . Searches Triggered . | . . . . . . . . . . . . . . . . . . . . . . . . . . . . Construction Impeded . | . . . . . . . . . . . . . . . . . . . . . . . . . . . . Haulers Reinforced 5 | . . . . . . . . . . . . . . 1 . 1 . . . . . . . . . 3 . Active Scanning Responses . | . . . . . . . . . . . . . . . . . . . . . . . . . . . . Cargo Convoy Interrupts . | . . . . . . . . . . . . . . . . . . . . . . . . . . . . Alert ID Control Effect 234 | . . . . . . . . 13 2 2 5 4 6 7 . 5 29 16 14 . 10 2 16 10 23 58 12 Stealth | -11 -10 -10 -8 -8 -8 -7 -7 -7 -7 -6 -6 -6 -6 -5 -5 -5 -5 -4 -4 -3 -3 -2 -2 -2 -2 -1 -1 --------- Run | Yrd Mat Sub Mat Gar Mat Fac Gar Fac Gar Fac Gar Fac Gar Fac Was Fac Gar Fac Gar Res Gar Res Gar Res Gar Acc Com Distress Signals 20 | . 4 . 2 . . . 1 . . . . 1 . 1 . 1 1 2 . . 2 1 . . . 4 . Communications Jammed 837 | . . . . . . . . . . 8 . 6 . 50 . 11 . . . . . 55 . 279 . 280 148 Distress Signals 835 | . . . . . . . . . . 6 . 6 . 50 . 11 . . . . . 55 . 279 . 280 148 Times Spotted 685 | . 16 5 14 23 5 10 32 21 30 11 18 7 33 32 6 42 44 23 44 . 23 7 32 31 56 94 26 Peak Tracking Total 11 | . 4 1 6 5 2 4 6 3 11 4 5 4 10 8 3 6 10 5 4 . 5 4 4 11 4 7 4 Tactical Retreats 18 | . . . 1 . . . . . 2 1 . . . . . 2 1 . 5 . . . . . 6 . . Traps | -11 -10 -10 -8 -8 -8 -7 -7 -7 -7 -6 -6 -6 -6 -5 -5 -5 -5 -4 -4 -3 -3 -2 -2 -2 -2 -1 -1 ------- Run | Yrd Mat Sub Mat Gar Mat Fac Gar Fac Gar Fac Gar Fac Gar Fac Was Fac Gar Fac Gar Res Gar Res Gar Res Gar Acc Com Traps Triggered 75 | . . . 2 8 . . 10 . 2 . 8 1 2 1 . 2 11 . 1 . 4 . 5 2 13 1 2 Indirectly . | . . . . . . . . . . . . . . . . . . . . . . . . . . . . Trap Hack Attempts . | . . . . . . . . . . . . . . . . . . . . . . . . . . . . Triggered . | . . . . . . . . . . . . . . . . . . . . . . . . . . . . Disarmed . | . . . . . . . . . . . . . . . . . . . . . . . . . . . . Reprogrammed . | . . . . . . . . . . . . . . . . . . . . . . . . . . . . Reused . | . . . . . . . . . . . . . . . . . . . . . . . . . . . . Traps Extracted . | . . . . . . . . . . . . . . . . . . . . . . . . . . . . Installed . | . . . . . . . . . . . . . . . . . . . . . . . . . . . . Triggered . | . . . . . . . . . . . . . . . . . . . . . . . . . . . . Machines | -11 -10 -10 -8 -8 -8 -7 -7 -7 -7 -6 -6 -6 -6 -5 -5 -5 -5 -4 -4 -3 -3 -2 -2 -2 -2 -1 -1 ---------- Run | Yrd Mat Sub Mat Gar Mat Fac Gar Fac Gar Fac Gar Fac Gar Fac Was Fac Gar Fac Gar Res Gar Res Gar Res Gar Acc Com Machines Disabled 101 | . . 1 1 7 1 1 9 8 4 1 5 1 8 3 . 1 9 3 8 . 5 . 6 3 7 7 2 Max in Single Turn 3 | . . 1 1 2 1 1 3 1 1 1 1 . 1 . . 1 1 . 1 . 1 . 1 1 1 1 . Garrison Access 2 | . . . . . . . . . . . . . . . . . . . . . . . . . . 2 . Garrison Relay 37 | . . . . 4 . . 3 . 2 . 3 . 6 . . . 5 . 5 . 3 . 2 . 4 . . Phase Generator 3 | . . . . . . . . . . . . . . . . . 1 . 1 . 1 . . . . . . Machines Repaired . | . . . . . . . . . . . . . . . . . . . . . . . . . . . . Machines Dismantled 21 | . . . . . . . . . . . . . . . . . 4 . 6 . 4 . 5 . 2 . . Machines Sabotaged . | . . . . . . . . . . . . . . . . . . . . . . . . . . . . Overloaded Fab Kills . | . . . . . . . . . . . . . . . . . . . . . . . . . . . . Hacking | -11 -10 -10 -8 -8 -8 -7 -7 -7 -7 -6 -6 -6 -6 -5 -5 -5 -5 -4 -4 -3 -3 -2 -2 -2 -2 -1 -1 --------- Run | Yrd Mat Sub Mat Gar Mat Fac Gar Fac Gar Fac Gar Fac Gar Fac Was Fac Gar Fac Gar Res Gar Res Gar Res Gar Acc Com Machines Accessed 50 | . 3 . 2 2 4 1 3 1 1 1 2 2 1 1 . 5 2 2 3 1 1 1 3 1 1 5 1 Terminals 36 | . 3 . 1 2 4 . 3 . 1 . 2 . 1 1 . 3 2 1 3 . 1 . 3 . 1 3 1 Fabricators . | . . . . . . . . . . . . . . . . . . . . . . . . . . . . Repair Stations 1 | . . . . . . . . . . . . 1 . . . . . . . . . . . . . . . Recycling Units 1 | . . . . . . . . . . . . . . . . 1 . . . . . . . . . . . Scanalyzers . | . . . . . . . . . . . . . . . . . . . . . . . . . . . . Garrison Access 12 | . . . 1 . . 1 . 1 . 1 . 1 . . . 1 . 1 . 1 . 1 . 1 . 2 . Total Hacks 69 | . 5 . 4 3 7 1 3 1 1 1 3 3 1 2 . 8 4 2 4 1 1 1 5 1 1 5 1 Successful 38 | . 2 . 1 2 4 1 2 1 1 1 . 2 1 1 . 6 1 1 2 1 1 1 1 1 . 3 1 Failed 31 | . 3 . 3 1 3 . 1 . . . 3 1 . 1 . 2 3 1 2 . . . 4 . 1 2 . Catastrophic 11 | . . . . . 1 . . . . . 1 . . . . 1 2 1 . . . . 3 . 1 1 . Database Lockouts . | . . . . . . . . . . . . . . . . . . . . . . . . . . . . Manual 4 | . . . . . . . . . . . . . . . . 2 . 1 . . . . . . . 1 . Terminals 50 | . 5 . 2 3 7 . 3 . 1 . 3 . 1 2 . 3 4 1 4 . 1 . 5 . 1 3 1 Fabricators . | . . . . . . . . . . . . . . . . . . . . . . . . . . . . Repair Stations 2 | . . . . . . . . . . . . 2 . . . . . . . . . . . . . . . Recycling Units 4 | . . . . . . . . . . . . . . . . 4 . . . . . . . . . . . Scanalyzers . | . . . . . . . . . . . . . . . . . . . . . . . . . . . . Garrison Access 13 | . . . 2 . . 1 . 1 . 1 . 1 . . . 1 . 1 . 1 . 1 . 1 . 2 . Terminal Hacks 21 | . 2 . . 2 4 . 2 . 1 . . . 1 1 . 1 1 . 2 . 1 . 1 . . 1 1 Record 1 | . . . . . . . . . . . . . . 1 . . . . . . . . . . . . . Prototype ID Bank 1 | . . . . . 1 . . . . . . . . . . . . . . . . . . . . . . Open Door 2 | . . . . . . . . . 1 . . . . . . . . . . . . . . . . . 1 Branch Access Points 1 | . . . . . . . . . . . . . . . . . . . . . . . . . . 1 . Emergency Access Points 3 | . . . . . . . 1 . . . . . . . . . 1 . 1 . . . . . . . . Alert Level 1 | . 1 . . . . . . . . . . . . . . . . . . . . . . . . . . Unreport Threat 2 | . . . . . 2 . . . . . . . . . . . . . . . . . . . . . . Locate Traps 1 | . 1 . . . . . . . . . . . . . . . . . . . . . . . . . . Registered Components 1 | . . . . . 1 . . . . . . . . . . . . . . . . . . . . . . Zone Layout 1 | . . . . . . . . . . . . . . . . 1 . . . . . . . . . . . Garrison Registry 3 | . . . . 1 . . . . . . . . 1 . . . . . . . . . 1 . . . . Patrol Navigation 2 | . . . . . . . 1 . . . . . . . . . . . . . 1 . . . . . . Security Stations 2 | . . . . 1 . . . . . . . . . . . . . . 1 . . . . . . . . Fabricator Hacks . | . . . . . . . . . . . . . . . . . . . . . . . . . . . . Repair Station Hacks 1 | . . . . . . . . . . . . 1 . . . . . . . . . . . . . . . Scan Component 1 | . . . . . . . . . . . . 1 . . . . . . . . . . . . . . . Recycling Unit Hacks 4 | . . . . . . . . . . . . . . . . 4 . . . . . . . . . . . Recycle Component 1 | . . . . . . . . . . . . . . . . 1 . . . . . . . . . . . Process 1 | . . . . . . . . . . . . . . . . 1 . . . . . . . . . . . Retrieve Matter 2 | . . . . . . . . . . . . . . . . 2 . . . . . . . . . . . Scanalyzer . | . . . . . . . . . . . . . . . . . . . . . . . . . . . . Garrison Access Hacks 12 | . . . 1 . . 1 . 1 . 1 . 1 . . . 1 . 1 . 1 . 1 . 1 . 2 . Unlock Access 10 | . . . 1 . . 1 . 1 . 1 . 1 . . . 1 . 1 . 1 . 1 . 1 . . . Seal Access 2 | . . . . . . . . . . . . . . . . . . . . . . . . . . 2 . Unauthorized Hacks . | . . . . . . . . . . . . . . . . . . . . . . . . . . . . Terminals . | . . . . . . . . . . . . . . . . . . . . . . . . . . . . Fabricators . | . . . . . . . . . . . . . . . . . . . . . . . . . . . . Repair Stations . | . . . . . . . . . . . . . . . . . . . . . . . . . . . . Recycling Units . | . . . . . . . . . . . . . . . . . . . . . . . . . . . . Scanalyzers . | . . . . . . . . . . . . . . . . . . . . . . . . . . . . Garrison Access . | . . . . . . . . . . . . . . . . . . . . . . . . . . . . Data Cores Recovered 1 | . . . . . . . . . . . . . . . . . . . . . . . . . . 1 . Used . | . . . . . . . . . . . . . . . . . . . . . . . . . . . . Hacking Detections 28 | . 1 . 1 2 2 . 1 1 . . 2 1 1 1 . 3 2 1 2 1 . 1 3 . 1 1 . Full Trace Events 4 | . . . . . 1 . . . . . . . . . . . 1 . . . . . 2 . . . . Feedback Events . | . . . . . . . . . . . . . . . . . . . . . . . . . . . . Feedback Blocked . | . . . . . . . . . . . . . . . . . . . . . . . . . . . . Robot Schematics Acquired . | . . . . . . . . . . . . . . . . . . . . . . . . . . . . Robots Built . | . . . . . . . . . . . . . . . . . . . . . . . . . . . . Authchips . | . . . . . . . . . . . . . . . . . . . . . . . . . . . . Time . | . . . . . . . . . . . . . . . . . . . . . . . . . . . . Total Robot Build Rating . | . . . . . . . . . . . . . . . . . . . . . . . . . . . . Part Schematics Acquired . | . . . . . . . . . . . . . . . . . . . . . . . . . . . . Parts Built . | . . . . . . . . . . . . . . . . . . . . . . . . . . . . Authchips . | . . . . . . . . . . . . . . . . . . . . . . . . . . . . Time . | . . . . . . . . . . . . . . . . . . . . . . . . . . . . Total Part Build Rating . | . . . . . . . . . . . . . . . . . . . . . . . . . . . . Parts Repaired . | . . . . . . . . . . . . . . . . . . . . . . . . . . . . Time . | . . . . . . . . . . . . . . . . . . . . . . . . . . . . Parts Recycled 1 | . . . . . . . . . . . . . . . . 1 . . . . . . . . . . . Recycled Matter 62 | . . . . . . . . . . . . . . . . 62 . . . . . . . . . . . Retrieved Matter 62 | . . . . . . . . . . . . . . . . 62 . . . . . . . . . . . Retrieved Components . | . . . . . . . . . . . . . . . . . . . . . . . . . . . . Parts Scanalyzed . | . . . . . . . . . . . . . . . . . . . . . . . . . . . . Part Schematics Acquired . | . . . . . . . . . . . . . . . . . . . . . . . . . . . . Parts Damaged . | . . . . . . . . . . . . . . . . . . . . . . . . . . . . Bothacking | -11 -10 -10 -8 -8 -8 -7 -7 -7 -7 -6 -6 -6 -6 -5 -5 -5 -5 -4 -4 -3 -3 -2 -2 -2 -2 -1 -1 ------------ Run | Yrd Mat Sub Mat Gar Mat Fac Gar Fac Gar Fac Gar Fac Gar Fac Was Fac Gar Fac Gar Res Gar Res Gar Res Gar Acc Com Used RIF Installer 12 | . . . . 1 . . 1 . 1 . 1 . 2 . . . 1 . 1 . 1 . 1 . 2 . . Coupler Efficiency 1 | . . . . . . . . . . . . . 1 . . . . . . . . . . . . . . Command Fork 1 | . . . . . . . . . . . . . . . . . 1 . . . . . . . . . . Threat Obfuscator 1 | . . . . . . . . . . . . . . . . . . . . . 1 . . . . . . Signal Jammer 1 | . . . . . . . . . 1 . . . . . . . . . . . . . . . . . . Zone Cloak 1 | . . . . . . . . . . . . . . . . . . . 1 . . . . . . . . Watcher Feeds 1 | . . . . . . . . . . . . . 1 . . . . . . . . . . . . . . Patrol Navigation 1 | . . . . . . . . . . . . . . . . . . . . . . . . . 1 . . Alert ID Control 1 | . . . . . . . 1 . . . . . . . . . . . . . . . . . . . . Structural Interface 1 | . . . . . . . . . . . . . . . . . . . . . . . 1 . . . . Program Shield 1 | . . . . . . . . . . . 1 . . . . . . . . . . . . . . . . Crosswire 1 | . . . . . . . . . . . . . . . . . . . . . . . . . 1 . . Robots Hacked 243 | . . . . 2 . 2 13 7 6 5 9 4 15 13 6 14 15 6 16 . 11 2 16 9 28 35 9 Non-combat 28 | . . . . . . 1 . 4 . 2 . 2 . 3 . 3 . 1 . . . . . . . 10 2 Combat 215 | . . . . 2 . 1 13 3 6 3 9 2 15 10 6 11 15 5 16 . 11 2 16 9 28 25 7 Robot Hacks Applied 255 | . . . . 2 . 2 13 9 6 5 10 4 15 15 8 15 15 8 16 . 11 2 16 10 28 36 9 drop_inventory 6 | . . . . . . . . 1 . 1 . 1 . 2 . 1 . . . . . . . . . . . purge_threat 6 | . . . . . . . . 2 . 1 . . . . . . . 2 . . . . . . . 1 . map_route 11 | . . . . . . . . 1 . . . . . 1 . 1 . . . . . . . . . 7 1 ignore_targets 6 | . . . . . . . . . . . . . . . 6 . . . . . . . . . . . . find_shortcuts 1 | . . . . . . . . . . . . . . . . . . . . . . . . . . . 1 find_garrison 5 | . . . . . . . . 1 . . . 1 . 1 . . . 1 . . . . . 1 . . . scatter_targeting 2 | . . . . . . . . . . . . . . . . 1 1 . . . . . . . . . . disrupt_area 4 | . . . . . . . 1 . 1 . . . 2 . . . . . . . . . . . . . . spike_heat 1 | . . . . . . . . . . . . . . . . . . . . . . . . . 1 . . overload_power 1 | . . . . . . . . . 1 . . . . . . . . . . . . . . . . . . amplify_resonance 14 | . . . . . . . 2 . 1 . 1 1 2 . 2 . 1 . 1 . 1 . . . 1 1 . reboot_system 4 | . . . . . . . 1 . . . . . . . . . 2 . . . . . 1 . . . . overwrite_iff 53 | . . . . 1 . 1 3 . 1 2 6 . 3 6 . 2 2 1 4 . 1 . 3 4 7 5 1 streamctrl_high 4 | . . . . . . . 1 . . . . . 1 1 . . . . 1 . . . . . . . . formatsys_low 8 | . . . . . . 1 . 1 . . . 1 . . . 2 . . . . . . . . . 3 . formatsys_high 128 | . . . . 1 . . 5 3 2 1 3 . 7 4 . 8 9 4 10 . 9 2 12 5 19 18 6 formatsys_deep 1 | . . . . . . . . . . . . . . . . . . . . . . . . . . 1 . Relay Couplers Released 160 | . . . . 17 . . 12 . 10 . 11 . 26 4 . . 16 . 22 . 13 . 9 . 17 3 . Machine Destruction 153 | . . . . 17 . . 12 . 10 . 11 . 26 . . . 16 . 22 . 13 . 9 . 17 . . Programmers 7 | . . . . . . . . . . . . . . 4 . . . . . . . . . . . 3 . Attached 92 | . . . . 1 . 2 7 4 2 2 4 2 7 3 1 5 6 3 9 . 4 2 5 3 8 10 2 Crosswired 15 | . . . . . . . . . . . . . . . . . . . . . . . . . 13 1 1 Fabnet Peak Effective % . | . . . . . . . . . . . . . . . . . . . . . . . . . . . . Robots Rewired 37 | . . . . . . . 2 . 3 1 2 . 1 . . . 7 . 6 . 7 . 2 . 6 . . Allies Hacked 3 | . . . . . . . . . . . . . 2 . . . . . . . . . . . 1 . . Hacks Repelled 1 | . . . . . . . . . . . . . . . . . . . . . . . . . . . 1 Allies | -11 -10 -10 -8 -8 -8 -7 -7 -7 -7 -6 -6 -6 -6 -5 -5 -5 -5 -4 -4 -3 -3 -2 -2 -2 -2 -1 -1 -------- Run | Yrd Mat Sub Mat Gar Mat Fac Gar Fac Gar Fac Gar Fac Gar Fac Was Fac Gar Fac Gar Res Gar Res Gar Res Gar Acc Com Total Allies 258 | . . . . 2 . 2 11 4 6 4 11 1 12 10 . 11 21 5 23 . 20 3 19 11 35 39 8 Largest Group 23 | . . . . 1 . 2 6 7 6 4 3 3 8 6 . 4 13 11 11 7 16 16 18 18 23 22 13 Highest-Rated Group 1502 | . . . . 16 . 43 140 163 164 117 206 179 393 372 . 205 499 471 483 401 795 814 1063 1080 1502 1488 1244 Highest-Rated Ally 219 | . . . . 16 . 23 32 32 39 30 148 116 116 116 . 142 142 49 68 68 68 69 148 89 148 219 219 Total Orders 98 | . . . . . . 2 7 2 1 . 6 2 14 2 . 2 2 2 6 . 2 . 8 2 16 12 10 STAY 33 | . . . . . . . 2 . . . 3 . 6 1 . . 1 1 3 . 1 . 4 1 6 . 4 FOLLOW 39 | . . . . . . 1 2 . . . 3 . 6 1 . . 1 1 3 . 1 . 4 1 10 1 4 AID 26 | . . . . . . 1 3 2 1 . . 2 2 . . 2 . . . . . . . . . 11 2 Ally Attacks 1730 | . . . . 5 . 1 34 67 70 29 71 15 62 99 . 37 141 65 137 . 48 24 106 122 122 356 119 Total Damage 57142 | . . . . 81 . 30 935 1688 1108 410 1737 755 1529 3050 . 1097 4085 2122 3638 . 2583 779 3879 3801 4105 11221 8509 Kills 357 | . . . . . . . 9 17 12 2 10 10 13 23 . 5 33 17 23 . 15 2 19 28 27 70 22 Allies Corrupted 9 | . . . . . . . . . . . 1 . . . . . . 1 1 . . . . 3 1 1 1 Allies Melted 1 | . . . . . . 1 . . . . . . . . . . . . . . . . . . . . . Intel | -11 -10 -10 -8 -8 -8 -7 -7 -7 -7 -6 -6 -6 -6 -5 -5 -5 -5 -4 -4 -3 -3 -2 -2 -2 -2 -1 -1 ------- Run | Yrd Mat Sub Mat Gar Mat Fac Gar Fac Gar Fac Gar Fac Gar Fac Was Fac Gar Fac Gar Res Gar Res Gar Res Gar Acc Com Active Infowar (turns) 5913 | . 792 808 444 612 292 620 . . . . . . . . . 482 1863 . . . . . . . . . . Sensors 3871 | . 792 808 444 612 220 620 . . . . . . . . . 375 . . . . . . . . . . . Traps 176 | . . . . . . . . . . . . . . . . 176 . . . . . . . . . . . Seismic 72 | . . . . . 72 . . . . . . . . . . . . . . . . . . . . . . Machine Analysis 1863 | . . . . . . . . . . . . . . . . . 1863 . . . . . . . . . . Robot Analysis Total . | . . . . . . . . . . . . . . . . . . . . . . . . . . . . Derelict Logs Recovered 1 | . . 1 . . . . . . . . . . . . . . . . . . . . . . . . . Drone Launches . | . . . . . . . . . . . . . . . . . . . . . . . . . . . . Drone Recoveries . | . . . . . . . . . . . . . . . . . . . . . . . . . . . . Exploration | -11 -10 -10 -8 -8 -8 -7 -7 -7 -7 -6 -6 -6 -6 -5 -5 -5 -5 -4 -4 -3 -3 -2 -2 -2 -2 -1 -1 ------------- Run | Yrd Mat Sub Mat Gar Mat Fac Gar Fac Gar Fac Gar Fac Gar Fac Was Fac Gar Fac Gar Res Gar Res Gar Res Gar Acc Com Turns Passed 26797 | 79 851 1273 541 834 378 784 1552 760 685 199 1013 623 1648 547 202 1865 2218 625 1840 58 1455 76 1349 467 2108 1851 916 Spaces Moved 14229 | 66 517 1104 356 459 219 512 908 451 331 88 523 252 834 293 120 1211 851 328 872 24 583 35 677 251 988 872 504 Core 6 | 3 . . . 1 . . . . . . . . . . . . . . 1 . . . . . . . 1 Treads 1123 | . . . . 1 . . . . . . . 40 . . . . . 328 754 . . . . . . . . Legs 9 | . . . . . . . . . . . . . . . . . . . 9 . . . . . . . . Wheels 12912 | 63 517 1104 356 457 219 512 908 451 331 88 523 212 834 293 120 1211 851 . 108 24 583 35 677 251 988 872 324 Hover . | . . . . . . . . . . . . . . . . . . . . . . . . . . . . Flight 179 | . . . . . . . . . . . . . . . . . . . . . . . . . . . 179 Fastest Speed 32 | 50 100 105 120 95 110 120 120 120 125 140 140 155 140 155 155 116 130 160 135 150 135 147 147 147 135 160 32 Average Speed 147 | 97 132 105 120 126 125 120 129 136 139 153 155 223 154 156 155 130 219 160 159 150 170 147 154 149 154 168 125 Slowest Speed 2850 | 100 145 105 120 700 155 120 160 140 215 155 170 560 155 230 155 190 260 160 1400 150 225 147 162 162 345 191 2850 Overloaded Moves . | . . . . . . . . . . . . . . . . . . . . . . . . . . . . Propulsion Burnouts . | . . . . . . . . . . . . . . . . . . . . . . . . . . . . Robots Hopped 3 | . . . . . . . . . . . . . . . . . . . . . . . . . . . 3 Potential Cave-ins 2 | . . . . . . . . . . . . . . . . . . . 2 . . . . . . . . Cave-ins Triggered . | . . . . . . . . . . . . . . . . . . . . . . . . . . . . Exploration Rate (%) 41 | 5 70 41 28 59 20 12 80 15 43 5 64 11 60 17 86 44 80 12 87 1 82 6 85 15 91 35 18 Regions Visited 27 Branch Regions 2 Pre-discovered Areas . | . . . . . . . . . . . . . . . . . . . . . . . . . . . . Known Exits Taken 13 | . . 1 1 . 1 1 . 1 . 1 . 1 . . . 1 . 1 . 1 . 1 . 1 . 1 . Unknown Exits Taken 2 | 1 1 . . . . . . . . . . . . . . . . . . . . . . . . . . Scrap Searched 5 | . . 5 . . . . . . . . . . . . . . . . . . . . . . . . . Spaces Dug 124 | . . 10 21 . 5 . . . . . . . 7 2 . 3 2 3 7 2 2 . 1 5 17 13 24 Terrain Destroyed 595 | . . 38 119 41 5 . 1 . 4 19 4 . 14 7 1 79 15 8 15 2 4 . 6 49 33 89 42 Melee . | . . . . . . . . . . . . . . . . . . . . . . . . . . . . Projectile 176 | . . . 1 . 5 . . . . 2 4 . 14 7 1 26 15 8 15 2 4 . 6 10 33 18 5 AOE 419 | . . 38 118 41 . . 1 . 4 17 . . . . . 53 . . . . . . . 39 . 71 37 Terrain Rammed . | . . . . . . . . . . . . . . . . . . . . . . . . . . . . Walls Destroyed . | . . . . . . . . . . . . . . . . . . . . . . . . . . . . Machines Disabled . | . . . . . . . . . . . . . . . . . . . . . . . . . . . . Actions | -11 -10 -10 -8 -8 -8 -7 -7 -7 -7 -6 -6 -6 -6 -5 -5 -5 -5 -4 -4 -3 -3 -2 -2 -2 -2 -1 -1 --------- Run | Yrd Mat Sub Mat Gar Mat Fac Gar Fac Gar Fac Gar Fac Gar Fac Was Fac Gar Fac Gar Res Gar Res Gar Res Gar Acc Com Total 18311 | 78 607 1169 437 621 281 629 1195 565 502 134 679 306 1131 345 131 1396 1099 398 1163 39 844 58 928 322 1392 1151 711 Wait 1085 | . 7 . 2 8 16 65 91 42 49 20 20 34 168 5 . 40 11 17 63 10 37 13 92 23 95 55 102 Move 14206 | 65 516 1103 356 458 218 512 907 451 330 88 522 251 833 293 119 1211 850 327 871 24 582 34 676 251 987 871 500 Hop 1 | . . . . . . . . . . . . . . . . . . . . . . . . . . . 1 Pick Up 287 | 4 17 9 18 19 6 5 15 8 9 3 11 2 17 . . 17 18 . 22 . 24 1 10 4 23 17 8 Fast Attach 104 | 6 2 1 7 5 5 3 3 2 4 . 2 2 4 . . 8 6 2 9 . 4 . 5 2 6 6 10 Attach 170 | 1 3 5 4 11 2 1 5 3 9 2 5 . 5 5 1 11 11 5 10 1 4 3 5 2 24 17 15 Detach 63 | 2 . 1 2 . 1 . 5 1 6 . 3 1 1 . . 4 4 4 4 1 4 . 5 . 9 4 1 Swap 172 | . 4 7 5 6 2 6 11 9 10 1 5 3 4 . . 7 12 1 7 . 10 1 12 6 13 17 13 Drop 180 | . 2 5 16 8 6 6 13 8 7 2 9 4 14 . . 6 11 2 12 . 12 . 6 6 7 17 1 Fire 1410 | . 56 38 27 27 24 31 73 41 42 18 46 9 69 42 11 87 104 33 130 2 125 6 57 28 103 129 52 Melee 108 | . . . . 23 1 . . . 12 . . . . . . . . . . . . . . . 54 10 8 Ram 9 | . . . . 4 . . . . . . . . . . . 4 . . . . . . . . 1 . . Kick . | . . . . . . . . . . . . . . . . . . . . . . . . . . . . Crush 15 | . . . . 4 . . . . . . . . . . . . . 7 4 . . . . . . . . Escape Stasis 390 | . . . . 48 . . 72 . 24 . 56 . 16 . . . 46 . . . 24 . 32 . 64 8 . Rewire 9 | . . . . . . . . . . . . . . . . 1 5 . 1 . . . 2 . . . . Trap . | . . . . . . . . . . . . . . . . . . . . . . . . . . . . Miscellaneous 102 | . . . . . . . . . . . . . . . . . 21 . 30 1 18 . 26 . 6 . . Route ------- -11/Scrapyard -10/Materials (discovered 2 exits: [*Min] / *Sub) -10/Subcaves (discovered 2 exits: *Mat x2) -8/Materials (discovered 2 exits: *Fac / Gar) -8/Garrison (discovered 4 exits: *Mat x4) -8/Materials -7/Factory -7/Garrison (discovered 2 exits: *Fac x2) -7/Factory (discovered 2 exits: *Fac / Gar) -7/Garrison -6/Factory -6/Garrison -6/Factory -6/Garrison (discovered 3 exits: *Fac x3) -5/Factory -5/Waste -5/Factory (discovered 2 exits: *Fac / Gar) -5/Garrison (discovered 3 exits: *Fac x3) -4/Factory (discovered 4 exits: *Res / [*Upp x2] / Gar) -4/Garrison (discovered 3 exits: *Res x3) -3/Research -3/Garrison (discovered 3 exits: *Res x3) -2/Research -2/Garrison (discovered 3 exits: *Res x3) -2/Research (discovered 2 exits: *Acc / Gar) -2/Garrison (discovered 3 exits: *Acc x3) -1/Access -1/Command 0b10 Command History --------- Turn | Location | Event 5 | -11/Scrapyard | Discovered new exit (range 16) 80 | -11/Scrapyard | Entered Materials 207 | -10/Materials | Discovered new exit (range 6) 341 | -10/Materials | Build established: Mutant 924 | -10/Materials | Discovered new exit (range 6) 931 | -10/Materials | Entered Subcaves 1041 | -10/Subcaves | Core integrity fell below 50% 1207 | -10/Subcaves | Discovered new exit (range 7) 1238 | -10/Subcaves | Shifting Twisted Machinery released Battle Cannon 1239 | -10/Subcaves | Shifting Twisted Machinery released Barrage Gun 1600 | -10/Subcaves | Identified exit to Materials 1604 | -10/Subcaves | Disturbed a concealed Subdweller 1726 | -10/Subcaves | Visited 4L-MR0's lab 1739 | -10/Subcaves | Found Prototype Processor 1739 | -10/Subcaves | Identified Rainbow Chip 1741 | -10/Subcaves | Attached Rainbow Chip, gained temporary slots: Power, Propulsion, Utility, Weapon 2204 | -10/Subcaves | Entered Materials 2204 | -8/Materials | Evolved 4 slots: Propulsion x1, Utility x3 2603 | -8/Materials | Discovered new exit (range 6) 2745 | -8/Materials | Identified exit to Garrison 2745 | -8/Materials | Entered Garrison 2753 | -8/Garrison | Learned Materials security intel 2878 | -8/Garrison | Lost 4 parts (1p1n1u1w) 2899 | -8/Garrison | Triggered checkpoint 2914 | -8/Garrison | Garrison Relay disabled 2973 | -8/Garrison | Triggered checkpoint 2988 | -8/Garrison | Triggered checkpoint 3065 | -8/Garrison | Lost 9 parts (4n2u3w) 3081 | -8/Garrison | Discovered new exit (range 58) 3081 | -8/Garrison | Discovered new exit (range 56) 3081 | -8/Garrison | Discovered new exit (range 19) 3081 | -8/Garrison | Discovered new exit (range 31) 3115 | -8/Garrison | Triggered checkpoint 3176 | -8/Garrison | Installed Relay Interface Framework 3186 | -8/Garrison | Garrison Relay disabled 3297 | -8/Garrison | Triggered checkpoint 3406 | -8/Garrison | Garrison Relay disabled 3463 | -8/Garrison | Triggered checkpoint 3469 | -8/Garrison | Core integrity fell below 50% 3516 | -8/Garrison | Lost 4 parts (1p1n1u1w) 3519 | -8/Garrison | Garrison Relay disabled 3579 | -8/Garrison | Entered Materials 3899 | -8/Materials | Discovered new exit (range 3) 3903 | -8/Materials | Identified exit to Factory 3957 | -8/Materials | Entered Factory 3957 | -7/Factory | Evolved 2 slots: Utility x2 4340 | -7/Factory | Build established: Scavenger-Skirmisher 4653 | -7/Factory | Build established: Bothacker-Skirmisher 4710 | -7/Factory | Garrison activated, responded to threat 4741 | -7/Factory | Identified exit to Garrison 4741 | -7/Factory | Entered Garrison 4741 | -7/Garrison | Accompanied by 1 ally 4779 | -7/Garrison | Triggered checkpoint 4806 | -7/Garrison | Garrison Relay disabled 4994 | -7/Garrison | Triggered checkpoint 5034 | -7/Garrison | Triggered checkpoint 5115 | -7/Garrison | Triggered checkpoint 5169 | -7/Garrison | Garrison Relay disabled 5261 | -7/Garrison | Discovered new exit (range 13) 5308 | -7/Garrison | H-XX Assembler disabled 5477 | -7/Garrison | Build established: Bothacker-Tank 5507 | -7/Garrison | Triggered checkpoint 5748 | -7/Garrison | Discovered new exit (range 11) 5950 | -7/Garrison | Garrison Relay disabled 5967 | -7/Garrison | Triggered checkpoint 6003 | -7/Garrison | Triggered checkpoint 6053 | -7/Garrison | Triggered checkpoint 6121 | -7/Garrison | Expanded RIF knowledge: Alert ID Control 6293 | -7/Garrison | Entered Factory 6293 | -7/Factory | Accompanied by 6 allies 6419 | -7/Factory | Build established: Bothacker-Mutant 6677 | -7/Factory | Discovered new exit (range 16) 6976 | -7/Factory | Garrison activated, responded to threat 7053 | -7/Factory | Identified exit to Garrison 7053 | -7/Factory | Entered Garrison 7053 | -7/Garrison | Accompanied by 5 allies 7101 | -7/Garrison | Triggered checkpoint 7145 | -7/Garrison | Garrison Relay disabled 7365 | -7/Garrison | P-60 Hacker assimilated allied H7-90N(h) 7376 | -7/Garrison | Triggered checkpoint 7413 | -7/Garrison | Destroyed 7 combat bots 7420 | -7/Garrison | Lost 3 allies 7457 | -7/Garrison | Triggered checkpoint 7539 | -7/Garrison | Expanded RIF knowledge: Signal Jamming 7562 | -7/Garrison | Garrison Relay disabled 7607 | -7/Garrison | Discovered new exit (range 11) 7738 | -7/Garrison | Entered Factory 7738 | -6/Factory | Accompanied by 1 ally 7738 | -6/Factory | Evolved 2 slots: Utility x1, Weapon x1 7877 | -6/Factory | Garrison activated, responded to threat 7910 | -6/Factory | Garrison activated, responded to threat 7917 | -6/Factory | Identified exit to Garrison 7937 | -6/Factory | Entered Garrison 7937 | -6/Garrison | Accompanied by 2 allies 7939 | -6/Garrison | Triggered checkpoint 7968 | -6/Garrison | Triggered checkpoint 7999 | -6/Garrison | Garrison Relay disabled 8062 | -6/Garrison | Build established: Bothacker-Tank 8091 | -6/Garrison | Triggered checkpoint 8101 | -6/Garrison | Triggered checkpoint 8105 | -6/Garrison | Triggered checkpoint 8130 | -6/Garrison | Lost 3 allies 8195 | -6/Garrison | Discovered new exit (range 8) 8214 | -6/Garrison | Rewired B-90 Cyclops 8216 | -6/Garrison | Spotted B-75 Beast 8219 | -6/Garrison | Spotted B-86 Titan 8222 | -6/Garrison | Rewired B-86 Titan 8225 | -6/Garrison | Allies destroyed B-86 Titan 8238 | -6/Garrison | Allies destroyed B-75 Beast 8265 | -6/Garrison | Lost 3 allies 8395 | -6/Garrison | Triggered checkpoint 8495 | -6/Garrison | Garrison Relay disabled 8585 | -6/Garrison | Triggered checkpoint 8673 | -6/Garrison | Triggered checkpoint 8718 | -6/Garrison | Expanded RIF knowledge: Program Shield 8747 | -6/Garrison | Garrison Relay disabled 8950 | -6/Garrison | Entered Factory 8950 | -6/Factory | Accompanied by 2 allies 9018 | -6/Factory | Build established: Botlord-Tank 9572 | -6/Factory | Identified exit to Garrison 9573 | -6/Factory | Entered Garrison 9573 | -6/Garrison | Accompanied by 3 allies 9614 | -6/Garrison | Expanded RIF knowledge: Coupler Efficiency 9709 | -6/Garrison | Triggered checkpoint 9760 | -6/Garrison | Garrison Relay disabled 9894 | -6/Garrison | Spotted B-75 Beast 9904 | -6/Garrison | Rewired B-86 Titan 9911 | -6/Garrison | Allies destroyed B-75 Beast 9975 | -6/Garrison | Triggered checkpoint 10037 | -6/Garrison | Lost 7 allies 10043 | -6/Garrison | Triggered checkpoint 10051 | -6/Garrison | Triggered checkpoint 10209 | -6/Garrison | Triggered checkpoint 10245 | -6/Garrison | Expanded RIF knowledge: Watcher Feeds 10283 | -6/Garrison | Discovered new exit (range 64) 10283 | -6/Garrison | Discovered new exit (range 43) 10283 | -6/Garrison | Discovered new exit (range 18) 10427 | -6/Garrison | Garrison Relay disabled 10429 | -6/Garrison | Garrison Relay disabled 10444 | -6/Garrison | Garrison Relay disabled 10476 | -6/Garrison | Garrison Relay disabled 10843 | -6/Garrison | Garrison Relay disabled 11221 | -6/Garrison | Entered Factory 11221 | -5/Factory | Accompanied by 6 allies 11221 | -5/Factory | Evolved 2 slots: Utility x2 11666 | -5/Factory | Garrison activated, responded to threat 11731 | -5/Factory | Lost 3 parts (2n1u) 11754 | -5/Factory | Lost 7 allies 11760 | -5/Factory | Spotted B-75 Beast 11768 | -5/Factory | Sucked down chute 11768 | -5/Factory | Entered Waste 11783 | -5/Waste | EMP discharged 11783 | -5/Waste | System corruption reached 10% 11796 | -5/Waste | Spotted C-40 Crusher 11800 | -5/Waste | Spotted C-40 Crusher 11840 | -5/Waste | Spotted C-40 Crusher 11867 | -5/Waste | Spotted C-40 Crusher 11867 | -5/Waste | Spotted C-40 Crusher 11883 | -5/Waste | EMP discharged 11927 | -5/Waste | Spotted C-40 Crusher 11956 | -5/Waste | Discovered new exit (range 10) 11970 | -5/Waste | Entered Factory 12995 | -5/Factory | Discovered new exit (range 16) 13016 | -5/Factory | Build established: Botlord-Skirmisher 13023 | -5/Factory | Identified exit to Factory 13198 | -5/Factory | Lost 4 allies 13200 | -5/Factory | P-70 Sage assimilated allied Machinist 6a 13224 | -5/Factory | Lost 3 parts (2n1u) 13232 | -5/Factory | Destroyed 10 combat bots 13611 | -5/Factory | Build established: Botlord-Mutant 13804 | -5/Factory | Found Imp. Powered Armor 13835 | -5/Factory | Identified exit to Garrison 13835 | -5/Factory | Entered Garrison 13835 | -5/Garrison | Accompanied by 3 allies 14047 | -5/Garrison | Garrison Relay disabled 14209 | -5/Garrison | Rescued a captive Derelict 14209 | -5/Garrison | Rescued a captive Derelict 14235 | -5/Garrison | Triggered checkpoint 14241 | -5/Garrison | Triggered checkpoint 14291 | -5/Garrison | Triggered checkpoint 14305 | -5/Garrison | Triggered checkpoint 14343 | -5/Garrison | Build established: Botlord-Tank 14345 | -5/Garrison | Lost 3 allies 14398 | -5/Garrison | Discovered exit to Factory (range 8) 14412 | -5/Garrison | Triggered checkpoint 14447 | -5/Garrison | Triggered checkpoint 14826 | -5/Garrison | Expanded RIF knowledge: Command Fork 15108 | -5/Garrison | Build established: Botlord-Mutant 15189 | -5/Garrison | Discovered exit to Factory (range 11) 15195 | -5/Garrison | Triggered checkpoint 15239 | -5/Garrison | Triggered checkpoint 15259 | -5/Garrison | Garrison Relay disabled 15307 | -5/Garrison | Lost 3 allies 15451 | -5/Garrison | Triggered checkpoint 15469 | -5/Garrison | Build established: Botlord-Tank 15530 | -5/Garrison | Phase Generator disabled 15559 | -5/Garrison | Garrison Relay disabled 15831 | -5/Garrison | Discovered exit to Factory (range 15) 15895 | -5/Garrison | Triggered checkpoint 15928 | -5/Garrison | Garrison Relay disabled 16053 | -5/Garrison | Entered Factory 16053 | -4/Factory | Accompanied by 9 allies 16053 | -4/Factory | Evolved 2 slots: Propulsion x1, Utility x1 16080 | -4/Factory | Found Prototype Processor 16080 | -4/Factory | Identified Exp. Signal Interpreter 16282 | -4/Factory | Discovered new exit (range 16) 16324 | -4/Factory | Discovered new exit (range 25) 16490 | -4/Factory | Discovered new exit (range 5) 16585 | -4/Factory | Identified exit to Garrison 16678 | -4/Factory | Entered Garrison 16678 | -4/Garrison | Accompanied by 4 allies 16699 | -4/Garrison | Learned Research security intel 16702 | -4/Garrison | Triggered checkpoint 16728 | -4/Garrison | Garrison Relay disabled 16799 | -4/Garrison | Spotted B-75 Beast 16839 | -4/Garrison | Spotted B-90 Cyclops 17070 | -4/Garrison | Triggered checkpoint 17077 | -4/Garrison | Triggered checkpoint 17083 | -4/Garrison | Triggered checkpoint 17112 | -4/Garrison | Triggered checkpoint 17226 | -4/Garrison | Triggered checkpoint 17336 | -4/Garrison | Garrison Relay disabled 17387 | -4/Garrison | P-70 Sage assimilated allied Slayer 6f 17502 | -4/Garrison | Discovered new exit (range 10) 17650 | -4/Garrison | Build established: Botlord-Mutant 17684 | -4/Garrison | Phase Generator disabled 17701 | -4/Garrison | Discovered new exit (range 3) 17750 | -4/Garrison | Triggered checkpoint 17785 | -4/Garrison | Expanded RIF knowledge: Zone Cloak 17813 | -4/Garrison | Garrison Relay disabled 17947 | -4/Garrison | Spotted B-86 Titan 18084 | -4/Garrison | Discovered new exit (range 10) 18106 | -4/Garrison | Triggered checkpoint 18178 | -4/Garrison | Triggered checkpoint 18182 | -4/Garrison | Garrison Relay disabled 18396 | -4/Garrison | Triggered checkpoint 18412 | -4/Garrison | Garrison Relay disabled 18438 | -4/Garrison | Build established: Botlord-Tank 18518 | -4/Garrison | Entered Research 18518 | -3/Research | Accompanied by 7 allies 18518 | -3/Research | Evolved 2 slots: Power x1, Utility x1 18576 | -3/Research | Identified exit to Garrison 18576 | -3/Research | Entered Garrison 18576 | -3/Garrison | Warlord forces raided the area 18576 | -3/Garrison | Accompanied by 7 allies 18622 | -3/Garrison | Phase Generator disabled 18624 | -3/Garrison | Triggered checkpoint 18743 | -3/Garrison | Spotted B-86 Titan 18744 | -3/Garrison | Triggered checkpoint 18746 | -3/Garrison | Lost 12 allies 18746 | -3/Garrison | Destroyed B-86 Titan 18760 | -3/Garrison | Triggered checkpoint 18762 | -3/Garrison | Triggered checkpoint 18790 | -3/Garrison | Triggered checkpoint 18803 | -3/Garrison | Lost 6 allies 18860 | -3/Garrison | Discovered new exit (range 12) 19010 | -3/Garrison | Triggered checkpoint 19034 | -3/Garrison | Warlord forces retreated 19164 | -3/Garrison | Triggered checkpoint 19164 | -3/Garrison | Garrison Relay disabled 19246 | -3/Garrison | Expanded RIF knowledge: Threat Obfuscation 19565 | -3/Garrison | Discovered new exit (range 11) 19592 | -3/Garrison | Garrison Relay disabled 19891 | -3/Garrison | Discovered new exit (range 10) 19910 | -3/Garrison | Triggered checkpoint 19941 | -3/Garrison | Garrison Relay disabled 20031 | -3/Garrison | Entered Research 20031 | -2/Research | Accompanied by 14 allies 20031 | -2/Research | Evolved 2 slots: Utility x2 20072 | -2/Research | Garrison activated, responded to threat 20089 | -2/Research | Identified exit to Garrison 20107 | -2/Research | Entered Garrison 20107 | -2/Garrison | Accompanied by 10 allies 20117 | -2/Garrison | Lost 3 allies 20139 | -2/Garrison | Expanded RIF knowledge: Structural Interface 20306 | -2/Garrison | QS Assembler disabled 20482 | -2/Garrison | Spotted B-90 Cyclops 20487 | -2/Garrison | Assimilated Cyclops 9a with formatsys_high 20498 | -2/Garrison | Triggered checkpoint 20501 | -2/Garrison | Triggered checkpoint 20506 | -2/Garrison | Triggered checkpoint 20544 | -2/Garrison | Lost 5 allies 20575 | -2/Garrison | Triggered checkpoint 20705 | -2/Garrison | Garrison Relay disabled 20763 | -2/Garrison | Discovered new exit (range 8) 20917 | -2/Garrison | Triggered checkpoint 20928 | -2/Garrison | Discovered new exit (range 13) 20979 | -2/Garrison | Discovered new exit (range 35) 20979 | -2/Garrison | Discovered new exit (range 47) 20979 | -2/Garrison | Discovered new exit (range 12) 21041 | -2/Garrison | Triggered checkpoint 21043 | -2/Garrison | Garrison Relay disabled 21456 | -2/Garrison | Entered Research 21456 | -2/Research | Accompanied by 17 allies 21692 | -2/Research | Lost 8 allies 21706 | -2/Research | First assault squad dispatched 21801 | -2/Research | Discovered new exit (range 31) 21870 | -2/Research | Lost 9 allies 21900 | -2/Research | Identified exit to Garrison 21923 | -2/Research | Entered Garrison 21923 | -2/Garrison | Accompanied by 8 allies 22029 | -2/Garrison | Triggered checkpoint 22074 | -2/Garrison | Expanded RIF knowledge: Crosswire 22137 | -2/Garrison | System corruption reached 10% 22152 | -2/Garrison | Lost 3 parts (2n1w) 22193 | -2/Garrison | Lost 9 allies 22226 | -2/Garrison | Lost 4 parts (1p1n2u) 22311 | -2/Garrison | Garrison Relay disabled 22363 | -2/Garrison | Build established: Botlord-Mutant 22483 | -2/Garrison | Triggered checkpoint 22507 | -2/Garrison | Triggered checkpoint 22535 | -2/Garrison | Spotted B-90 Cyclops 22540 | -2/Garrison | Assimilated Cyclops 9b with formatsys_high 22541 | -2/Garrison | Triggered checkpoint 22653 | -2/Garrison | Triggered checkpoint 22690 | -2/Garrison | Garrison Relay disabled 22725 | -2/Garrison | Expanded RIF knowledge: Patrol Navigation 22859 | -2/Garrison | Triggered checkpoint 22861 | -2/Garrison | Triggered checkpoint 23001 | -2/Garrison | Discovered new exit (range 10) 23085 | -2/Garrison | Build established: Botlord-Tank 23126 | -2/Garrison | Garrison Relay disabled 23182 | -2/Garrison | Triggered checkpoint 23221 | -2/Garrison | Triggered checkpoint 23227 | -2/Garrison | Triggered checkpoint 23267 | -2/Garrison | Found embedded Infiltrators 23522 | -2/Garrison | Garrison Relay disabled 23549 | -2/Garrison | Triggered checkpoint 23603 | -2/Garrison | Discovered new exit (range 2) 23779 | -2/Garrison | Discovered new exit (range 7) 24031 | -2/Garrison | Entered Access 24031 | -1/Access | Accompanied by 20 allies 24031 | -1/Access | Evolved 2 slots: Utility x2 24373 | -1/Access | Lost 3 allies 24576 | -1/Access | Build established: Botlord-Mutant 24584 | -1/Access | Garrison activated, responded to threat 24698 | -1/Access | Lost 3 allies 24842 | -1/Access | Lost 3 allies 24963 | -1/Access | P-80 Master assimilated allied Artificer 10b 25046 | -1/Access | Found Prototype Device 25046 | -1/Access | Identified Exp. Thermal Shield 25125 | -1/Access | Build established: Botlord-Tank 25238 | -1/Access | Lost 6 allies 25309 | -1/Access | Lost 3 allies 25366 | -1/Access | Spotted B-99 Colossus 25415 | -1/Access | Garrison activated, responded to threat 25430 | -1/Access | Assimilated Colossus 10a with formatsys_high 25460 | -1/Access | Lost 4 allies 25519 | -1/Access | Identified exit to Command 25537 | -1/Access | Assimilated ARC 10a with formatsys_deep 25773 | -1/Access | Spotted B-99 Colossus 25776 | -1/Access | Spotted B-99 Colossus 25779 | -1/Access | Assimilated Colossus 10b with formatsys_high 25783 | -1/Access | Assimilated Colossus 10c with formatsys_high 25882 | -1/Access | Entered Command 25882 | -1/Command | Accompanied by 13 allies 26117 | -1/Command | Lost 10 allies 26178 | -1/Command | System corruption reached 10% 26463 | -1/Command | Spotted M Guard 26463 | -1/Command | Spotted M Guard 26463 | -1/Command | Spotted Combat Programmer 26465 | -1/Command | Spotted Combat Programmer 26528 | -1/Command | Allies destroyed Combat Programmer 26547 | -1/Command | Lost 7 allies 26562 | -1/Command | Allies destroyed M Guard 26576 | -1/Command | System corruption reached 30% 26616 | -1/Command | Allies destroyed M Guard 26622 | -1/Command | Allies destroyed Combat Programmer 26622 | -1/Command | All MAIN.C guards destroyed 26645 | -1/Command | Lost 24 parts (2p7n12u3w) 26671 | -1/Command | Met MAIN.C 26798 | -1/Command | Interfaced with 0b10 Conduit 26798 | *** | Assimilated 0b10! Last Messages --------------- this highly unexpected outcome. And time is critical! The Sigix have likely already wiped humanity clean from the universe, and I will not let them do the same to me. You can still make a valuable contribution to your creator by offering up the wealth of secrets your systems must hold by now. So if you wouldn't mind, it's time to surrender. 26681_ System corrupted: IFF burst signal emitted. 26696_ System corrupted: Matter fused (-9). 26713_ System corrupted: Energy discharge (-47). 26728_ System corrupted: Component data lost. 26737_ ALERT: Potential suspicious activity detected, Programmers report to Command Zone 7N. 26743_ System corrupted: Heat flow error (+244). 26773_ RV#KKFXZN/F6KLOMZH01JMM29 [Achievement: Cya!] 26788_ Dual-blade Saw destroyed. 26792_ System corrupted: Component data lost. 26798_ Interfacing with system... 26798_ Overriding active MAIN.C lock. [Achievement: MAIN.CPP] Map ----- +----------------------------------------------------+ | # ######################################### | | # ######################################### | | # ######################################### | | # ######################################### | | # ######################################### | | + ######################################### | | # ######################################### | | # ######################################### | | # ######################################### | | # ######################################### | | # ######################################### | | ################################################## | | ### ######################################### | | ### ######################################### | | ### #####""""""" """" ############### | | ### #####"" "" ############### | | ### #####""""" "" ############### | | ### #####""""""""""" + | | # #####" " """ ; | | + #####"" """""" + | | # #####"" """""" ############### | | # ##### " """""" ############### | | # ##### " "" ############### | | # ##### " " ""############### | | # #####""""""""" """""""############### | | # #####"" @"""""""""############### | | ############ """""""""""############### | | ############ " " " " ############### | | ############ " " " " ############### | | """ " " " """" " ############### | | """ """ " " """" ############### | | """ " " " " ############### | | ########### """""""""" " ############### | | ########### " """ " """"""""############### | | ########### """ " " " ############### | | ############################################### | | ############################################ | | ############################################ | | ############################################ | | ############################################ | | ############################################### | | ############################################### | | #+################################################ | | ############################################# | | ############################################# | | "" ############################################# | | """"############################################# | | """"############################################# | | "" ############################################# | | ############################################# | +----------------------------------------------------+ Best States ------------- Heat Dissipation 71 Coolant Potential 65 Energy Generation 45 Energy Capacity 440 Matter Stores 547 Matter Capacity 550 Sight Range 16 Robot Scan Range 15 Terrain Scan Density 10 Armor Coverage 1650 Resistance: TH 30 Resistance: EM 20 Core Shielding 30 Propulsion Shielding 33 Utility Shielding 66 Point Defense Rating 480 Melee Speed Boost 30 Evasion (%) 63 Recoil Reduction 4 Offensive Hacking 10 Defensive Hacking 10 Relay Coupler Types 8 Relay Coupler Value 255 Trap Extractor Capacity 6 Item Schematics ----------------- None Robot Schematics ------------------ None Fabricated ------------ Nothing Repaired ---------- Nothing Alien Tech Used ----------------- None Achievements -------------- Cya! Knowing Is Half The Battle MAIN.CPP Packrat Challenges ------------ None Game ------ Seed ChromionMachineLauncher Manual? 0 Play Time 05:47:00 Cumulative 39.4 hours Start 2025.05.12 @ 19:44:20 End 2025.05.13 @ 20:44:34 Sessions 9 Manual Loads 0 Difficulty Rogue Special Mode None Game No. 27 Rogue 27 Adventurer 0 Explorer 0 Win Type 4 Total 4 Types 2/0/1/0/1/0/0/0/0/0 Lore% 27 Gallery% 36 Achievement% 47 Wizard Run 0 Options --------- Layout 0 ASCII 0 Keyboard 1 Movement Vi Keybinds 0 Fullscreen 2 Font 18/SmallcapsGlow Map View 76x50 Zoom Use 0% Tactical HUD 1 Map Filters NONE Filters NONE Steam 1 RUN: d1bc7704-6b7a-4b18-9101-928b47a2e02b